 Dungeon Crawl Stone Soup version 0.29.0-15-g675c0067aa (webtiles) character file.

Game seed: 15154979507008489245

50 ILmort the Shooter (level 3, -1/18 HPs)
             Began as a Spriggan Hunter on Sept 11, 2022.
             Slain by an ice beast (14 damage)
             ... on level 3 of the Dungeon.
             The game lasted 00:03:59 (1402 turns).

ILmort the Shooter (Spriggan Hunter)                Turns: 1402, Time: 00:04:00

Health: -1/18      AC:  2    Str:  7    XL:     3   Next: 55%
Magic:  4/4        EV: 18    Int: 10    God:
Gold:   105        SH:  0    Dex: 20    Spells: 2/2 levels left

rFire   . . .      SeeInvis +   a - +0 shortbow
rCold   . . .      Faith    .   (shield currently unavailable)
rNeg    . . .      Spirit   .   c - +0 robe
rPois   .          Reflect  .   (helmet restricted)
rElec   .          Harm     .   (no cloak)
rCorr   .          Rampage  .   (gloves unavailable)
Will    .....                   (boots unavailable)
Stlth   ++........              (no amulet)
HPRegen 0.06/turn               g - ring of flight
MPRegen 0.09/turn               (no ring)

@: flying, very quick
A: very small, no large weapons, unfitting armour, see invisible, speed 3
a: no special abilities


You were on level 3 of the Dungeon.
You visited 1 branch of the dungeon, and saw 3 of its levels.

You collected 105 gold pieces.

Inventory:

Hand Weapons
 a - a +0 shortbow (weapon)
 b - a +0 dagger
Armour
 c - a +0 robe (worn)
Jewellery
 g - a ring of flight (left hand)
Wands
 o - a wand of flame (2)
Scrolls
 d - a scroll of blinking {unknown}
 e - a scroll of amnesia {unknown}
 f - a scroll of enchant weapon {unknown}
 h - a scroll of immolation
 l - 2 scrolls of teleportation {unknown}
 n - a scroll of identify {unknown}
Potions
 i - 4 potions of attraction {unknown}
 j - a potion of lignification {unknown}
 k - a potion of curing
 m - a potion of resistance {unknown}


   Skills:
 - Level 1.5 Fighting
 * Level 5.3 Ranged Weapons
 - Level 2.6 Dodging
 - Level 1.5 Stealth


You had 2 spell levels left.
You didn't know any spells.
Your spell library contained the following spells:

 Spells                   Type           Power      Damage    Failure   Level
 Blink                    Tloc           0%         N/A       50%         2
 Conjure Flame            Conj/Fire      0%         6-21      75%         3
 Ignite Poison            Fire/Tmut/Pois 0%         N/A       75%         3
 Sticky Flame             Conj/Fire      0%         2d3       98%         4
 Manifold Assault         Tloc           0%         N/A       100%        5
 Storm Form               Tmut/Air       0%         N/A       100%        7


Dungeon Overview and Level Annotations

Branches:
Dungeon (3/15)

Altars:
Elyvilon


Innate Abilities, Weirdness & Mutations

You are very small and have problems with some larger weapons.
You are too small for most types of armour.
You have supernaturally acute eyesight. (SInv)
You cover ground extremely quickly. (Speed+++)


Message History

There is an open door here.
Found a stone staircase leading down.
A ball python comes into view.
Found a stone staircase leading up.
You shoot an arrow. The arrow hits the ball python!
You kill the ball python!
No target in view!
No target in view!
An ice beast comes into view.
There is a stone staircase leading up here.
You shoot an arrow. The arrow hits the ice beast.
You shoot an arrow.
The arrow hits the ice beast but does no damage.
You shoot an arrow.
The arrow hits the ice beast but does no damage.
Fire: a) +0 shortbow
Aim: an ice beast (lightly wounded, 64% to hit)
You shoot an arrow. The arrow hits the ice beast.
Fire: a) +0 shortbow
Aim: an ice beast (moderately wounded, 64% to hit)
You shoot an arrow. The arrow hits the ice beast!
Fire: a) +0 shortbow
Aim: an ice beast (heavily wounded, 64% to hit)
You shoot an arrow. The arrow closely misses the ice beast.
There is an open door here.
Fire: a) +0 shortbow
Aim: an ice beast (heavily wounded, 64% to hit)
You shoot an arrow. The arrow barely misses the ice beast.
Fire: a) +0 shortbow
Aim: an ice beast (heavily wounded, 64% to hit)
You shoot an arrow. The arrow closely misses the ice beast.
Fire: a) +0 shortbow
Aim: an ice beast (heavily wounded, 64% to hit)
You shoot an arrow. The arrow closely misses the ice beast.
Fire: a) +0 shortbow
Aim: an ice beast (heavily wounded, 64% to hit)
You shoot an arrow. The arrow barely misses the ice beast.
The ice beast hits you. The ice beast freezes you!
Ouch! That really hurt!
You die...

............#.#...#..#
............#.#...#..# .
............'.....#..###
............#.#..#.....#
...#######'##.#........#
... #.##..........# # ##
#.##..........# #
#.##.####.....# # #.##@#
#.....# ## ######.#Y.#
###...# .#####
#.......†#### #...#
.....###.###.......####...#
####..##.###.......##.....#
##.##...'.......##.....#
#.....##.......##.....#
#..#.#######'..##.....#
#>.#.#
#≈≈≈≈#####...#########


You could see an ice beast.

Vanquished Creatures
  An adder (D:2)
  2 dart slugs
  An orc (D:3)
  4 endoplasms
  2 giant cockroaches (D:1)
  4 goblins
  A hobgoblin (D:1)
  A quokka (D:2)
  8 ball pythons
  3 bats
  3 frilled lizards
  2 kobolds
  2 rats
34 creatures vanquished.

Notes
Turn   | Place    | Note
-------+----------+-------------------------------------------
     0 | D:1      | ILmort the Spriggan Hunter began the quest for the Orb.
     0 | D:1      | Reached XP level 1. HP: 10/10 MP: 2/2
   133 | D:1      | Reached XP level 2. HP: 14/14 MP: 3/3
   593 | D:1      | Found a faded altar of an unknown god.
   707 | D:2      | Found a white marble altar of Elyvilon.
   987 | D:2      | Reached skill level 5 in Ranged Weapons
  1050 | D:2      | Reached XP level 3. HP: 18/18 MP: 4/4
  1368 | D:3      | Noticed an ice beast
  1402 | D:3      | Slain by an ice beast

Illustrated notes

Levels and vault maps discovered:
D:1:      matt_arrival_los_fun, layout_rooms, shapermc_ecumenical_altar_petra,
          minmay_pentomino_u4
D:2:      layout_basic, basic_altar
D:3:      minmay_spotlight, layout_basic, serial_rivers,
          chequers_serial_rivers_micro_c, chequers_serial_rivers_small_b,
          chequers_serial_rivers_micro_a, chequers_serial_rivers_small_b,
          chequers_serial_rivers_room_a

Skill      XL: |  1  2 |
---------------+-------+-----
Ranged Weapons | 5 |  5.3
Fighting       | |  1.5
Dodging        | |  2.6
Stealth        | |  1.5

Action                   || total
-------------------------++-------
 Fire: Shortbow          ||    91
Armor: Robe              ||     5
Dodge: Dodged            ||    22
